 Dungeon Crawl Stone Soup version 0.30.1-3-gfc49f6343a (webtiles) character file.

Game seed: 14889464200879840966

2141 booth the Magician (level 9, -8/63 HPs)
             Began as a Djinni Fire Elementalist on July 30, 2023.
             Was an Initiate of Gozag.
             Mangled by a kobold brigand
             ... wielding a +0 war axe
              (11 damage)
             ... in a bailey.
             The game lasted 00:41:04 (5959 turns).

booth the Magician (Djinni Fire Elementalist)       Turns: 5959, Time: 00:41:04

Health: -8/63      AC:  9    Str:  9    XL:     9   Next: 55%
Gold:   1043       EV: 14    Int: 22    God:    Gozag SH:  0 Dex: 14

rFire   + + .        f - +3 dagger (venom)
rCold   . . .        (no shield)
rNeg    . . .        g - +2 robe {Will+}
rPois   ∞            h - +2 helmet {Int+3}
rElec   .            p - +1 cloak
rCorr   .            (no gloves)
SInv    .            (boots unavailable)
Will    +....        (no amulet)
Stlth   +++          r - ring of protection from cold
HPRegen 0.30/turn    (no ring)
MPRegen 0.00/turn

%: infuse magic (-9 HP)
@: gold aura, flying
A: sickness immunity, fire resistance 2, cold vulnerability 1, float, innate
caster, HP casting, extra vitality 1
a: Renounce Religion, Potion Petition, Call Merchant, Bribe Branch


You were in a bailey.
You worshipped Gozag.
Gozag was most pleased with you.
You visited 2 branches of the dungeon, and saw 8 of its levels.
You also visited: Bailey.

You collected 1043 gold pieces.

Inventory:

Hand Weapons
 a - the +4 war axe of the Thirsty Ultimatums {drain, rC+ Str+2 Int+2}
   (You acquired it on level 1 of the Dungeon)

   Str:       It affects your strength (+2).
   Int:       It affects your intelligence (+2).
   rC:        It protects you from cold.
 d - a +3 dagger
 f - a +3 dagger of venom (weapon)
Missiles
 j - 12 boomerangs (quivered)
 k - 3 poisoned darts
Armour
 g - a +2 robe of willpower (worn)
 h - a +2 helmet of intelligence (worn)
 p - a +1 cloak (worn)
Jewellery
 r - a ring of protection from cold (left hand)
Wands
 m - a wand of paralysis (9)
 n - a wand of digging (5)
 o - a wand of iceblast (14)
Scrolls
 l - a scroll of teleportation
 t - a scroll of silence {unknown}
 u - a scroll of identify
Potions
 b - 8 potions of curing
 c - a potion of attraction
 e - 3 potions of might
 i - 3 potions of resistance
 q - a potion of magic {unknown}
 s - a potion of mutation {unknown}


   Skills:
 + Level 4.6 Fighting
 + Level 2.6 Axes
 + Level 6.0 Dodging
 + Level 5.0 Stealth
 * Level 6.1 Spellcasting


You knew the following spells:

 Your Spells              Type           Power      Damage    Failure   Level
a - Foxfire               Conj/Fire      100%       2x1d9     1%          1
b - Scorch                Fire           66%        2d7       1%          2
c - Volatile Blastmotes   Fire/Tloc      66%        2d15      2%          3
d - Inner Flame           Hex/Fire       33%        N/A       2%          3
e - Flame Wave            Conj/Fire      33%        2d10      7%          4
f - Magic Dart            Conj           100%       1d8       1%          1
g - Searing Ray           Conj           66%        2d6       1%          2
h - Confusing Touch       Hex            33%        N/A       2%          3
i - Sticky Flame          Conj/Fire      33%        2d5       7%          4
Your spell library was empty.

Dungeon Overview and Level Annotations

Branches:
Dungeon (7/15)             Temple (1/1) D:6          Bailey (1/1)

Altars:
Ashenzari
Cheibriados
Fedhas
Gozag
Hepliaklqana
Qazlal
Ru
Trog
Uskayaw
Xom
The Shining One

Shops:
D:3 !


Innate Abilities, Weirdness & Mutations

You are immune to sickness and miasma.
You are immune to poison.
Your flesh is very heat resistant. (rF++)
You are vulnerable to cold. (rC-)
You float through the air rather than walking.
You learn spells naturally, not from books.
Your magical power is your life essence.
You have superior vitality. (+4 MHP)


Message History

The kobold barely misses you.
Your Stealth skill increases to level 5!
Casting: Scorch (safe; 1% risk of failure)
Confirm with . or Enter, or press ? or * to list all spells.
Flames lash the kobold.
You kill the kobold!
The kobold brigand barely misses you. The kobold hits you but does no damage.
Casting: Scorch (safe; 1% risk of failure)
Confirm with . or Enter, or press ? or * to list all spells.
Flames lash the kobold brigand.
The kobold brigand is heavily wounded.
The kobold brigand's fire resistance burns away.
The kobold brigand barely misses you. The kobold barely misses you.
Casting: Scorch (safe; 1% risk of failure)
Confirm with . or Enter, or press ? or * to list all spells.
You conjure some foxfire!
The kobold brigand closely misses you.
The kobold brigand hits your foxfire with a +0 war axe!
The kobold hits you but does no damage.
You miss the kobold brigand.
The kobold brigand is heavily wounded.
The foxfire hits the kobold brigand.
The kobold brigand is burned terribly!
The kobold brigand is severely wounded.
The foxfire hits the kobold.
You kill the kobold!
The kobold brigand completely misses you.
You barely miss the kobold brigand. Your punch misses the kobold brigand.
The kobold brigand is severely wounded.
The kobold brigand hits you with a +0 war axe!
* * * LOW HITPOINT WARNING * * *
You hit the kobold brigand but do no damage.
The kobold brigand is severely wounded.
The kobold brigand hits you with a +0 war axe!
* * * LOW HITPOINT WARNING * * *
Casting: Foxfire (safe; 1% risk of failure)
Confirm with . or Enter, or press ? or * to list all spells.
You conjure some foxfire!
* * * LOW HITPOINT WARNING * * *
The kobold brigand hits you with a +0 war axe!
You die...
Your body crumbles into a pile of gold.

~.......~
....$..
.....
#..$#
#.$.#
#$$$#
#.$.#
##$'K##
##..@v.##
#...v...#
#...∩...#
##.....##
#######


You could see a kobold brigand (combustible, ally target).

Vanquished Creatures
  Sigmund (D:5)
  A wyvern (D:7)
  Eustachio (D:5)
  A water moccasin (D:7)
  2 ice beasts
  2 ogres
  3 kobold brigands
  Blork the orc (D:5)
  A bullfrog (D:7)
  3 scorpions
  3 electric eels (D:7)
  2 howler monkeys (D:7)
  2 hounds (D:7)
  4 jellies
  3 iguanas
  A sleepcap (D:4)
  Ijyb (D:5)
  Robin (D:4)
  4 adders
  6 gnolls (D:3)
  A shadow imp (D:6)
  An ufetubus (D:3)
  3 worms (D:2)
  4 dart slugs
  15 orcs
  9 ball pythons
  4 endoplasms
  5 giant cockroaches
  16 goblins
  8 hobgoblins
  2 jackals (D:5)
  3 quokkas
  5 bats
  5 frilled lizards
  24 kobolds
  7 rats
155 creatures vanquished.

Vanquished Creatures (others)
  262 foxfires
262 creatures vanquished.

Grand Total: 417 creatures vanquished

Notes
Turn   | Place    | Note
-------+----------+-------------------------------------------
     0 | D:1      | booth the Djinni Fire Elementalist began the quest for the
                  | Orb.
     0 | D:1      | booth set off with the following spells memorised: Foxfire,
                  | Scorch, Volatile Blastmotes, Inner Flame, Flame Wave.
     0 | D:1      | Reached XP level 1. HP: 15/15 MP: 0/0
   173 | D:1      | Reached XP level 2. HP: 19/21 MP: 0/0
   440 | D:1      | Reached XP level 3. HP: 24/25 MP: 0/0
   440 | D:1      | Learned a level 1 spell: Magic Dart
   789 | D:1      | Identified a scroll of acquirement
   789 | D:1      | Acquired the +4 war axe of the Thirsty Ultimatums {drain,
                  | rC+ Str+2 Int+2}
   837 | D:2      | Found a faded altar of an unknown god.
   890 | D:2      | Prayed at the altar of an unknown god.
   890 | D:2      | Became a worshipper of Gozag Ym Sagoz the Greedy
  1032 | D:2      | Reached XP level 4. HP: 30/31 MP: 0/0
  1696 | D:3      | Found Taihysch's Distillery.
  1744 | D:3      | Noticed a scorpion
  1752 | D:3      | Killed a scorpion
  1753 | D:3      | Reached skill level 1 in Fighting
  1753 | D:3      | Reached XP level 5. HP: 34/37 MP: 0/0
  1753 | D:3      | Learned a level 2 spell: Searing Ray
  2000 | D:3      | Reached XP level 6. HP: 39/42 MP: 0/0
  2151 | D:3      | Noticed an ogre
  2159 | D:3      | Killed an ogre
  2643 | D:4      | Found a broken altar of Ashenzari.
  3160 | D:4      | Noticed Robin
  3173 | D:4      | Killed Robin
  3174 | D:4      | Reached XP level 7. HP: 25/49 MP: 0/0
  3174 | D:4      | Learned a level 3 spell: Confusing Touch
  3542 | D:5      | Entered Level 5 of the Dungeon
  3545 | D:5      | Noticed Sigmund
  3559 | D:5      | Killed Sigmund
  3756 | D:5      | Noticed Ijyb
  3762 | D:5      | Killed Ijyb
  3914 | D:5      | Reached XP level 8. HP: 6/56 MP: 0/0
  4225 | D:5      | Noticed Blork the orc
  4226 | D:5      | Noticed Eustachio
  4263 | D:5      | Killed Blork the orc
  4264 | D:5      | Reached skill level 5 in Dodging
  4264 | D:5      | Reached skill level 5 in Spellcasting
  4265 | D:5      | Killed Eustachio
  4266 | D:5      | Reached skill level 1 in Axes
  4900 | D:6      | Found a staircase to the Ecumenical Temple.
  4909 | Temple   | Entered the Ecumenical Temple
  5287 | D:7      | Noticed a wyvern
  5295 | D:7      | Killed a wyvern
  5296 | D:7      | Reached XP level 9. HP: 47/62 MP: 0/0
  5296 | D:7      | Learned a level 4 spell: Sticky Flame
  5578 | D:7      | Found a stormy altar of Qazlal.
  5639 | D:7      | Identified the +0 leather armour of Linoshycw {rPois Dex-4
                  | Stlth+}
  5798 | D:7      | Found a flagged portal.
  5907 | Bailey   | Entered a bailey
  5953 | Bailey   | Reached skill level 5 in Stealth
  5959 | Bailey   | Mangled by a kobold brigand

Illustrated notes

Levels and vault maps discovered:
D:1:      lightli_arrival_noodles, layout_loops_ring,
          dreamdust_mushroom_princess
D:2:      layout_basic, nicolae_ecumenical_lake_church
D:3:      layout_loops_cross, serial_shops, nicolae_shop_advertising_works
          [nicolae_subvault_shop_adworks]
D:4:      layout_gridville, nicolae_kikubaaqudgha_miasma_corner,
          ashenzari_conservatory_becter, uniq_robin
D:5:      layout_basic, uniq_eustachio, uniq_ijyb, uniq_sigmund,
          uniq_blork_the_orc
D:6:      layout_rooms, lemuel_temple_firewalk_b
D:7:      layout_loops_ring, amethyst_overflow_temple_binary,
          nicolae_overflow_crystal_walls, enter_bailey_4, abandoned_shop,
          serial_bayou_lake_a
Temple:   zaba_magenta_temple
Bailey:   bailey_axe_3, bailey

Skill      XL: |  1  2  3  4  5  6  7  8  9 |
---------------+----------------------------+-----
Stealth        | 2 3 4 5 |  5.0
Dodging        | 3 4 5 6 |  6.0
Spellcasting   | 3 4 5 6 |  6.1
Fighting       | 1 2 3 4 |  4.6
Axes           | 1 2 |  2.6

Action                     |  1- 3 |  4- 6 |  7- 9 || total
---------------------------+-------+-------+-------++-------
  Melee: Unarmed           |     6 |       |       ||     6
         Dagger            |    26 |    41 |    83 ||   150
         Punch             |     1 |     1 |     1 ||     3
  Throw: Boomerang         |       |     2 |     3 ||     5
   Cast: Foxfire           |    40 |    55 |    65 ||   160
         Scorch            |     4 |    12 |    32 ||    48
         Searing Ray       |       |     2 |     4 ||     6
         Flame Wave        |       |       |     1 ||     1
    Use: Scroll            |     1 |     6 |     1 ||     8
         Potion            |     1 |     1 |     1 ||     3
   Stab: Sleeping          |       |     3 |       ||     3
 Armour: Robe              |     8 |    11 |    41 ||    60
  Dodge: Dodged            |    23 |    29 |    73 ||   125
